AoeStats
← Nargaburzum

Arabia

509299736Analyzed
4v4 RM · 7d ago on Sep 26, 2026· 53m 13s· 8 players
Game mode
Random Map
Map size
Large (8 player)
Population
200
Speed
Normal
Resources
Standard
Victory
Conquest
Starting age
Dark Age
Ending age
Imperial Age
RankedLock teamsTeams togetherTeam positionsShared explorationLock speedFull tech treeHidden civsTurbo modeCheats
Victory
Defeat
🇲🇽 Aztecs · Mexico
1270
+12
🇪🇸 Khmer · Spain
1237
+13
🇦🇷 Inca · Argentina
1224
+13
1217
+14
🇹🇼 Vietnamese · Taiwan
1220
-15
🇹🇼 Italians · Taiwan
1209
-15
🇹🇼 Danes · Taiwan
1150
-12
🇹🇼 Huns · Taiwan
1102
-10
Nargaburzum
2:05 Loom
11:19 Feudal Age
16:33 Castle Age
15:41 Scale Mail Armor
16:39 Forging
17:51 Chain Mail Armor
19:46 Wheelbarrow
18:37 Eagle Warrior
21:14 Iron Casting
25:29 Gold Mining
26:54 Double-Bit Axe
26:52 Horse Collar
28:02 Squires
32:02 Imperial Age
29:40 Arson
30:31 Bow Saw
32:06 Gold Shaft Mining
33:27 Plate Mail Armor
36:45 Fletching
44:14 Heavy Plow
50:02 Blast Furnace
50:09 Elite Eagle Warrior
elgalle02
5:18 Loom
7:39 Loom
11:07 Feudal Age
11:13 Champi Runner
15:40 Scale Mail Armor
15:50 Forging
29:00 Fletching
39:10 Wheelbarrow
42:46 Castle Age
45:39 Horse Collar
45:45 Double-Bit Axe
45:51 Gold Mining
46:59 Bodkin Arrow
47:04 Padded Archer Armor
47:50 Heavy Plow
48:00 Bow Saw
48:26 Gold Shaft Mining
51:49 Imperial Age
49:48 Leather Archer Armor
49:12 Elite Skirmisher
49:57 Thumb Ring
50:24 Hand Cart
49:55 Town Watch
51:14 Ballistics
53:57 Chemistry
53:03 Bracer
53:33 Ring Archer Armor
53:11 Capped Ram
Dr_Sanz
0:27 Loom
11:03 Feudal Age
11:34 Double-Bit Axe
11:32 Horse Collar
13:09 Forging
13:40 Scale Barding Armor
19:02 Gold Mining
22:36 Castle Age
21:21 Bloodlines
23:28 Husbandry
23:56 Bow Saw
25:02 Heavy Plow
26:47 Chain Barding Armor
28:32 Wheelbarrow
29:05 Iron Casting
28:56 Town Watch
33:09 Hand Cart
36:45 Imperial Age
38:12 Elite Battle Elephant
39:30 Plate Barding Armor
39:57 Blast Furnace
39:54 Tusk Swords
44:43 Crop Rotation
51:35 Town Patrol
江泽民胡锦涛习近平
10:08 Feudal Age
8:24 Loom
10:38 Loom
15:34 Castle Age
13:24 Double-Bit Axe
14:00 Horse Collar
16:49 Bow Saw
16:42 Heavy Plow
20:47 Stone Mining
22:01 Wheelbarrow
21:48 Scale Barding Armor
22:51 Forging
23:32 Chain Barding Armor
23:31 Husbandry
24:10 Bloodlines
24:14 Light Cavalry
25:06 Gold Mining
26:15 Iron Casting
28:38 Gold Shaft Mining
28:26 Stirrups
29:52 Gambesons
30:08 Squires
29:53 Arson
32:49 Imperial Age
30:43 Hand Cart
30:46 Scale Mail Armor
31:30 Chain Mail Armor
32:55 Capped Ram
34:09 Plate Mail Armor
34:40 Blast Furnace
34:31 Crop Rotation
33:48 Town Watch
34:23 Bagains
35:37 Plate Barding Armor
36:18 Conscription
36:53 Hussar
37:33 Cavalier
38:47 Siege Ram
43:51 Coinage
47:38 Banking
Speechless
3:44 Loom
12:44 Feudal Age
13:31 Double-Bit Axe
16:58 Castle Age
15:58 Horse Collar
16:28 Town Watch
18:52 Wheelbarrow
19:11 Heavy Plow
20:06 Bow Saw
21:40 Pikeman
24:44 Scale Barding Armor
26:37 Chain Barding Armor
28:00 Bloodlines
28:02 Forging
28:17 Husbandry
28:19 Light Cavalry
31:26 Iron Casting
32:20 Hand Cart
40:52 Imperial Age
40:50 Squires
40:51 Scale Mail Armor
41:00 Halberdier
41:56 Chain Mail Armor
43:29 Blast Furnace
43:28 Coinage
44:33 Two-Man Saw
44:45 Plate Barding Armor
44:09 Cavalier
45:47 Banking
46:18 Caravan
51:34 Heavy Cavalry Archer
52:42 Parthian Tactics
52:26 Thumb Ring
just a hamster
6:09 Loom
9:55 Feudal Age
11:10 Fletching
15:38 Padded Archer Armor
17:44 Double-Bit Axe
17:41 Horse Collar
24:23 Castle Age
24:25 Crossbowman
25:11 Thumb Ring
25:03 Bodkin Arrow
27:20 Leather Archer Armor
28:28 Scale Mail Armor
28:51 Forging
31:32 Wheelbarrow
34:30 Heavy Plow
40:15 Imperial Age
45:21 Hand Cart
46:37 Caravan
51:01 Bracer
50:32 Arbalester
52:12 Ring Archer Armor
52:18 Ballistics
52:59 Chemistry
Maple
7:11 Loom
9:15 Feudal Age
10:48 Double-Bit Axe
14:20 Fletching
19:19 Wheelbarrow
18:46 Padded Archer Armor
23:48 Castle Age
21:59 Horse Collar
24:15 Crossbowman
25:28 Bodkin Arrow
26:17 Stone Mining
26:38 Bow Saw
28:39 Ballistics
39:57 Imperial Age
37:34 Gold Mining
38:19 Stone Shaft Mining
37:33 Treadmill Crane
38:27 Leather Archer Armor
40:18 Stone Shaft Mining
40:37 Silk Road
40:46 Bracer
47:31 Elite Genoese Crossbowman
48:43 Ring Archer Armor
48:53 Thumb Ring
49:36 Conscription
52:11 Chemistry
Meteor
10:00 Feudal Age
11:44 Loom
14:02 Castle Age
12:37 Double-Bit Axe
12:57 Fletching
25:44 Bodkin Arrow
29:23 Pikeman
30:52 Scale Mail Armor
31:48 Squires
32:01 Forging
35:02 Arson
36:20 Hamask
36:24 Man-at-Arms
39:47 Imperial Age
37:49 Padded Archer Armor
39:39 Bow Saw
39:50 Leather Archer Armor
39:52 Thumb Ring
40:10 Ballistics
40:34 Wheelbarrow
40:41 Halberdier
42:33 Ring Archer Armor
41:30 Heavy Mounted Crossbowman
42:29 Cranequins
53:11 Chemistry
Connection lost

Rejoining the realm…

Still unreachable

The connection could not be restored.

Session expired

The server has moved on; the page needs a fresh start.